Map: Oxide LE

Players

Nina - Winner!

  • Race: Protoss Protoss

Maplez

  • Race: Protoss Protoss

VOD

Have the link to the VOD?

Description

Time

  • Played on: Oct. 8, 2021, 3:18 p.m.
  • Length: 3:33
Show
View Real Time Build Order
Export as new Build Order

Nina Protoss - Winner!

Build Orders:  

Get SALT Encoding   

  12  0:00  Probe  
  13  0:13  Probe  
  14  0:18  Pylon  
  14  0:25  Probe  
  15  0:37  Gateway, Probe (Chrono Boost)  
  16  0:45  Assimilator  
  16  0:48  Probe (Chrono Boost)  
  17  0:53  Probe (Chrono Boost)  
  18  1:05  Probe  
  19  1:13  Pylon  
  19  1:17  Probe  
  20  1:25  Cybernetics Core  
  20  1:26  Zealot  
  20  1:29  Probe  
  23  1:41  Probe  
  24  1:53  Probe  
  25  2:00  Stalker (Chrono Boost)  
  28  2:13  Nexus  
  27  2:21  Gateway  
  27  2:25  Stalker (Chrono Boost)  
  29  2:34  Shield Battery  
  29  2:40  Probe  
  29  2:43  Shield Battery  
  29  2:51  Stalker  
  31  2:58  Pylon  
  31  3:05  Assimilator  
  31  3:16  Probe  
Show
View Real Time Build Order
Export as new Build Order

Maplez Protoss 

Build Orders:  

Get SALT Encoding   

  12  0:00  Probe  
  13  0:12  Probe  
  14  0:19  Pylon  
  14  0:24  Probe  
  15  0:37  Gateway  
  15  0:38  Probe (Chrono Boost)  
  16  0:44  Assimilator  
  17  0:50  Probe (Chrono Boost)  
  17  0:52  Assimilator  
  17  0:55  Probe (Chrono Boost)  
  18  1:04  Probe  
  19  1:17  Probe  
  20  1:18  Pylon  
  20  1:23  Pylon  
  20  1:28  Cybernetics Core  
  20  1:37  Probe  
  21  1:40  Zealot  
  23  1:53  Probe  
  24  1:57  Pylon  
  24  2:05  Probe  
  24  2:08  Adept (Chrono Boost)  
  27  2:16  Stargate  
  27  2:24  Shield Battery  
  27  2:38  Probe  
  27  2:41  Stalker  
  28  2:52  Gateway  
  28  2:58  Shield Battery  
  32  3:30  Pylon  
Tags
 
Add a new tag
Caveats
  • Supply blocks, unpowered buildings, or Contaminate may cause inaccurate times.
  • Supply counts are checked every 10 seconds.